 Dungeon Crawl Stone Soup version 0.27-a0-899-ge2d0b17c59 (webtiles) character file.

Game seed: 888116888223053862

112 leviel the Skirmisher (level 4, -1/40 HPs)
             Began as a Hill Orc Fighter on Apr 5, 2021.
             Slain by Sigmund
             ... wielding a +0 scythe
              (8 damage)
             ... on level 2 of the Dungeon.
             The game lasted 00:02:05 (1671 turns).

leviel the Skirmisher (Hill Orc Fighter)            Turns: 1671, Time: 00:02:06

Health: -1/40      AC:  7    Str: 19    XL:     4   Next: 95%
Magic:  4/4        EV:  7    Int:  8    God:
Gold:   27         SH: 10    Dex: 16    Spells: 3/3 levels left

rFire    . . .     SeeInvis .   j - +2 long sword (holy)
rCold    . . .     Faith    .   c - +0 kite shield
rNeg     . . .     Spirit   .   b - +0 scale mail
rPois    .         Reflect  .   (no helmet)
rElec    .         Harm     .   (no cloak)
rCorr    .         Rampage  .   (no gloves)
Will     .....                  (no boots)
Stlth    ..........             (no amulet)
HPRegen  0.13/turn              g - +6 ring of dexterity
MPRegen  0.09/turn              (no ring)

@: mighty
A: no striking features
a: no special abilities


You were on level 2 of the Dungeon.
You visited 1 branch of the dungeon, and saw 2 of its levels.

You collected 27 gold pieces.

Inventory:

Hand Weapons
 a - a +0 war axe
 j - a +2 long sword of holy wrath (weapon)
Armour
 b - a +0 scale mail (worn)
 c - a +0 kite shield (worn)
Jewellery
 g - a +6 ring of dexterity (left hand)
Scrolls
 f - a scroll of enchant armour {unknown}
 h - 2 scrolls of identify {unknown}
 n - a scroll of teleportation {unknown}
Potions
 e - a potion of degeneration {unknown}
 i - a potion of cancellation {unknown}
 k - a potion of resistance {unknown}
 l - a potion of flight {unknown}
 m - a potion of attraction {unknown}


   Skills:
 + Level 4.3 Fighting
 + Level 2.0 Long Blades
 - Level 3.7 Axes
 + Level 3.9 Armour
 + Level 0.3 Dodging
 + Level 3.9 Shields


You had 3 spell levels left.
You didn't know any spells.
Your spell library was empty.

Dungeon Overview and Level Annotations

Branches:
Dungeon (2/15)

Altars:

Annotations:
D:2 Sigmund


Message History

Items here: )))) †††.
Items here: )))))) [[ †††.
n - a scroll labelled UMYSCH HONT Sigmund the Dreaded comes into view.
He is wielding a +0 scythe.
Sigmund shouts!
Sigmund is nearby!
You feel very mighty all of a sudden.
Sigmund points at you and mumbles some strange words.
The puff of flame hits you but does no damage.
You block Sigmund's attack.
Your shield and scale mail prevent you from hitting Sigmund.
Sigmund hits you with a +0 scythe!
You slash Sigmund!
Sigmund is moderately wounded.
Sigmund barely misses you.
Sigmund points at you and mumbles some strange words.
The magic dart hits you!
You slash Sigmund!
Sigmund is heavily wounded.
Sigmund hits you with a +0 scythe!
You are too injured to fight recklessly!
You are too injured to fight recklessly!
You are too injured to fight recklessly!
You are too injured to fight recklessly!
You are too injured to fight recklessly!
You are too injured to fight recklessly!
You are too injured to fight recklessly!
You are too injured to fight recklessly!
You are too injured to fight recklessly!
You are too injured to fight recklessly!
You are too injured to fight recklessly!
You are too injured to fight recklessly!
You are too injured to fight recklessly!
You closely miss Sigmund.
Sigmund is heavily wounded.
Sigmund hits you with a +0 scythe!
* * * LOW HITPOINT WARNING * * *
Sigmund laughs darkly.
Sigmund hits you with a +0 scythe!
You die...

........# #......##.
........# #.........
........# #....[....
...)....# ##.##.....
###.##### #.##..##. #.#
#.##..##. #######.#
#.##..##.
........########.##..##.
......@@................
#################.####..
#........^. #.##.#####.
#.##.# #. #.##.# #.
#.##.#####. #.#........
#.#########


You could see Sigmund.

Vanquished Creatures
  Jessica (D:2)
  Robin (D:2)
  An adder (D:2)
  2 dart slugs
  3 endoplasms
  A giant cockroach (D:1)
  14 goblins
  8 hobgoblins
  8 jackals (D:1)
  2 quokkas
  8 ball pythons
  A bat (D:2)
  2 frilled lizards (D:2)
  2 kobolds (D:2)
  A rat (D:2)
55 creatures vanquished.

Notes
Turn   | Place    | Note
-------+----------+-------------------------------------------
     0 | D:1      | leviel the Hill Orc Fighter began the quest for the Orb.
     0 | D:1      | Reached XP level 1. HP: 19/19 MP: 1/1
    35 | D:1      | Reached XP level 2. HP: 20/27 MP: 2/2
   408 | D:1      | Reached XP level 3. HP: 32/33 MP: 3/3
   806 | D:2      | Reached skill level 4 in Fighting
   878 | D:2      | Noticed Jessica
   884 | D:2      | Killed Jessica
   885 | D:2      | Reached skill level 1 in Long Blades
   885 | D:2      | Reached XP level 4. HP: 33/40 MP: 4/4
  1516 | D:2      | Noticed Robin
  1537 | D:2      | Killed Robin
  1663 | D:2      | Noticed Sigmund
  1671 | D:2      | Slain by Sigmund

Illustrated notes

Levels and vault maps discovered:
D:1:      minmay_arrival_glassed_features, layout_rooms
D:2:      minmay_skewed_foursquare, layout_basic, uniq_sigmund, uniq_jessica,
          uniq_robin

Skill      XL: |  1  2  3  4 |
---------------+-------------+-----
Axes           | 3 |  3.7
Fighting       | 4 |  4.3
Long Blades    | 1 2 |  2.0
Armour         | |  3.9
Dodging        | |  0.3
Shields        | |  3.9

Action                   |  1- 3 |  4- 6 || total
-------------------------+-------+-------++-------
Melee: War axe           |    40 |       ||    40
       Long sword        |    17 |    54 ||    71
  Use: Potion            |       |     1 ||     1
Armor: Scale mail        |    29 |    19 ||    48
Dodge: Dodged            |    12 |    22 ||    34
Block: Kite shield       |    38 |    32 ||    70
       Rpst.: Long sword |     4 |     5 ||     9

Table legend: (Time is in decaauts)
 A = Elapsed time spent in this place.
 B = Non-inter-level travel time spent in this place.
 C = Inter-level travel time spent in this place.
 D = Time resting spent in this place.
 E = Time spent auto-exploring this place.
 F = Levels seen in this place.
 G = Mean time per level.
                   A        B        C        D        E       F      G
               +--------+--------+--------+--------+--------+-----+--------+
         Total |   1744 |   1734 |     10 |      0 |   1428 |   2 |  872.0 |
       Dungeon |   1744 |   1734 |     10 |      0 |   1428 |   2 |  872.0 |
               +--------+--------+--------+--------+--------+-----+--------+

Top non-repeatable levels by time:
     D:2: 915 daAuts
     D:1: 829 daAuts
